 Dungeon Crawl Stone Soup version 0.27-a0-1105-g946c659c87 (webtiles) character file.

Game seed: 15103589410480657623

53 littlecub the Skirmisher (level 3, -3/33 HPs)
             Began as a Ghoul Fighter on Apr 30, 2021.
             Slain by a gnoll
             ... wielding a +0 spear
              (7 damage)
             ... on level 2 of the Dungeon.
             The game lasted 00:02:13 (1366 turns).

littlecub the Skirmisher (Ghoul Fighter)            Turns: 1366, Time: 00:02:14

Health: -3/33      AC:  6    Str: 20    XL:     3   Next: 87%
Magic:  2/2        EV:  7    Int:  3    God:
Gold:   60         SH:  8    Dex:  8    Spells: 2/2 levels left

rFire    . . .     SeeInvis .     - Unarmed
rCold    + . .     Faith    .   b - +0 kite shield
rNeg     + + +     Spirit   .   a - +0 scale mail
rPois    ∞         Reflect  .   (no helmet)
rElec    .         Harm     .   (no cloak)
rCorr    .         Rampage  .   (no gloves)
Will     .....                  (no boots)
Stlth    ..........             (no amulet)
HPRegen  0.00/turn              (no ring)
MPRegen  0.08/turn              (no ring)

@: no status effects
A: claws 1, cold resistance 1, negative energy resistance 3, inhibited
regeneration, torment resistance 2, unbreathing 1
a: no special abilities


You were on level 2 of the Dungeon.
You visited 1 branch of the dungeon, and saw 2 of its levels.

You collected 60 gold pieces.

Inventory:

Armour
 a - a +0 scale mail (worn)
 b - a +0 kite shield (worn)
Wands
 k - a wand of charming (7)
Scrolls
 d - a scroll of magic mapping {unknown}
 h - a scroll of immolation {unknown}
 i - 2 scrolls of enchant weapon {unknown}
 l - a scroll of identify {unknown}
Potions
 c - 2 potions of might
 e - a potion of mutation {unknown}
 f - a potion of degeneration {unknown}
 g - a potion of curing {unknown}
 j - 2 potions of invisibility {unknown}


   Skills:
 * Level 3.9 Fighting
 + Level 3.0 Armour
 + Level 3.0 Shields
 * Level 3.1 Unarmed Combat


You had 2 spell levels left.
You didn't know any spells.
Your spell library contained the following spells:

 Spells                   Type           Power      Damage    Failure   Level
 Animate Skeleton         Necr           0%         N/A       100%        1
 Apportation              Tloc           0%         N/A       100%        1
 Corona                   Hex            0%         N/A       100%        1
 Magic Dart               Conj           0%         1d3       100%        1
 Summon Small Mammal      Summ           0%         N/A       100%        1
 Passwall                 Tmut/Erth      0%         N/A       100%        2
 Searing Ray              Conj           0%         3d3       100%        2
 Dazzling Flash           Conj/Hex       0%         N/A       100%        3
 Swiftness                Air            0%         N/A       100%        3
 Fulminant Prism          Conj/Hex       0%         3d6       100%        4
 Iskenderun's Mystic Bla  Conj/Tloc      0%         2d3       100%        4
 Passage of Golubria      Tloc           N/A        N/A       100%        4
 Lee's Rapid Deconstruct  Erth           0%         3d5*      100%        5
 Invisibility             Hex            0%         N/A       100%        6


Dungeon Overview and Level Annotations

Branches:
Dungeon (2/15)

Altars:

Shops:
D:1 *


Innate Abilities, Weirdness & Mutations

You thrive by killing the living.
You are immune to poison.
You have sharp fingernails.
Your flesh is cold resistant. (rC+)
You are immune to negative energy. (rN+++)
You do not regenerate when monsters are visible.
You are immune to unholy pain and torment.
You can survive without breathing.


Message History

You kill the giant cockroach!
You block the goblin's attack.
You scratch the goblin.
You kill the goblin!
No target in view!
No target in view!
No target in view!
No target in view!
No target in view!
Things that are here:
a +0 club; a goblin corpse
There is an open door here.
A gnoll comes into view. It is wielding a +0 flail.
The gnoll shouts!
The gnoll hits you with a +0 flail!
You scratch the gnoll but do no damage. The gnoll hits you with a +0 flail.
A gnoll comes into view. It is wielding a +0 spear.
The gnoll shouts!
You scratch the gnoll.
The gnoll is lightly wounded.
The gnoll hits you with a +0 flail.
You scratch the gnoll.
The gnoll is moderately wounded.
You block the gnoll's attack.
You scratch the gnoll but do no damage.
The gnoll is moderately wounded.
The gnoll hits you with a +0 flail. The gnoll closely misses you.
The gnoll hits you but does no damage.
You scratch the gnoll.
The gnoll is severely wounded.
The gnoll hits you but does no damage. You block the gnoll's attack.
You scratch the gnoll but do no damage.
The gnoll is severely wounded.
The gnoll hits you from afar with a +0 spear!
* * * LOW HITPOINT WARNING * * *
The gnoll hits you with a +0 flail.
* * * LOW HITPOINT WARNING * * *
A gnoll comes into view. It is wielding a +0 halberd.
The gnoll hits you from afar with a +0 spear!
You die...

#.....#
##.####.#..
#.....#
#.......#..
#.....#
#.#.###.#..
#.....#
#.#.###.#..
#.....#
#.#..##.#..
#..)..#
#.##.##.#..
#.....#
#.....#.###
###.....######
####..#.#
...'.....'.@g.#
#....#
####.....####g####
#.#..### ..<######
#..g.####.#.>...
###
#....'..#.######
#g...##.#.# #....#
#.# #....# ..#
#....# ## #....#


You could see 3 gnolls.

Vanquished Creatures
  A dart slug (D:1)
  3 ball pythons
  5 endoplasms
  A giant cockroach (D:2)
  9 goblins
  2 hobgoblins
  7 jackals
  A quokka (D:1)
  3 bats
  A frilled lizard (D:1)
  4 kobolds
  7 rats
44 creatures vanquished.

Notes
Turn   | Place    | Note
-------+----------+-------------------------------------------
     0 | D:1      | littlecub the Ghoul Fighter began the quest for the Orb.
     0 | D:1      | Reached XP level 1. HP: 19/19 MP: 0/0
    82 | D:1      | Found Timoone's Assorted Antiques.
   105 | D:1      | Reached XP level 2. HP: 15/26 MP: 1/1
   515 | D:1      | Reached XP level 3. HP: 22/33 MP: 2/2
  1366 | D:2      | Slain by a gnoll

Illustrated notes

Levels and vault maps discovered:
D:1:      onia_arrival_handbag, layout_basic, serial_shops,
          nicolae_shop_statue_plus
D:2:      layout_basic

Skill      XL: |  1  2  3 |
---------------+----------+-----
Unarmed Combat | 3 |  3.1
Shields        | 3 |  3.0
Armour         | 3 |  3.0
Fighting       | |  3.9

Action                   || total
-------------------------++-------
Melee: Unarmed           ||   137
Armor: Scale mail        ||    58
Dodge: Dodged            ||    40
Block: Kite shield       ||    76

Table legend: (Time is in decaauts)
 A = Elapsed time spent in this place.
 B = Non-inter-level travel time spent in this place.
 C = Inter-level travel time spent in this place.
 D = Time resting spent in this place.
 E = Time spent auto-exploring this place.
 F = Levels seen in this place.
 G = Mean time per level.
                   A        B        C        D        E       F      G
               +--------+--------+--------+--------+--------+-----+--------+
         Total |   1392 |   1366 |     26 |      0 |   1096 |   2 |  696.0 |
       Dungeon |   1392 |   1366 |     26 |      0 |   1096 |   2 |  696.0 |
               +--------+--------+--------+--------+--------+-----+--------+

Top non-repeatable levels by time:
     D:1: 1095 daAuts
     D:2: 296 daAuts
